 Dungeon Crawl Stone Soup version 0.31-a0-185-g9dded2c639 (webtiles) character file.

Game seed: 5955102161361933889

2878 qw the Skirmisher (level 9, -8/52 HPs)
             Began as a Deep Elf Hunter on June 22, 2023.
             Was an Initiate of Okawaru.
             Mangled by Gastronok (30 damage)
             ... on level 8 of the Dungeon.
             The game lasted 00:02:35 (5885 turns).

qw the Skirmisher (Deep Elf Hunter)                 Turns: 5885, Time: 00:02:35

Health: -8/52      AC: 12    Str: 13    XL:     9   Next: 48%
Magic:  14/14      EV: 11    Int: 18    God:    Okawaru [......]
Gold:   146        SH:  0    Dex: 18    Spells: 8/8 levels left

rFire   + . .        Y - +2 shortbow
rCold   . . .        (shield currently unavailable)
rNeg    + + .        n - +2 scale mail {rF+}
rPois   .            (no helmet)
rElec   .            k - +0 cloak
rCorr   .            e - +0 pair of gloves
SInv    .            i - +0 pair of boots
Will    .....        a - amulet of Doidd {Acrobat rN+ Str+3 Int+3 Dex-2}
Stlth   +            l - ring of positive energy
HPRegen 0.28/turn    (no ring)
MPRegen 0.14/turn

%: acrobat
@: slowed, very slow
A: no striking features
a: Renounce Religion


You were on level 8 of the Dungeon.
You worshipped Okawaru.
Okawaru was noncommittal.
You visited 1 branch of the dungeon, and saw 8 of its levels.

You collected 368 gold pieces.
You spent 222 gold pieces at shops.


   Skills:
 - Level 4.2 Fighting
 - Level 14.0 Ranged Weapons
 + Level 2.9 Armour
 - Level 5.3 Dodging
 - Level 1.2 Stealth
 - Level 4.1 Invocations


You had 8 spell levels left.
You didn't know any spells.
Your spell library was empty.

Inventory:

Hand Weapons
 p - the +7 sling of Unreason {antimagic, rElec}
   (You bought it in a shop on level 6 of the Dungeon)

   rElec:     It insulates you from electricity.
 Y - a +2 shortbow (weapon)
Armour
 e - a +0 pair of gloves (worn)
 i - a +0 pair of boots (worn)
 k - a +0 cloak (worn)
 n - a +2 scale mail of fire resistance (worn)
 r - a +2 helmet
Jewellery
 a - the amulet of Doidd (around neck) {Acrobat rN+ Str+3 Int+3 Dex-2}
   (You acquired it on level 1 of the Dungeon)

   [amulet of the acrobat]

   It increases your evasion while moving and waiting.
   Str:       It affects your strength (+3).
   Int:       It affects your intelligence (+3).
   Dex:       It affects your dexterity (-2).
   rN:        It protects you from negative energy.
 l - a ring of positive energy (left hand)
Scrolls
 f - a scroll of identify
Potions
 b - a potion of mutation {unknown}
 c - a potion of resistance
 d - a potion of might {unknown}
 g - a potion of heal wounds
 h - a potion of haste
 j - 4 potions of curing
 m - a potion of berserk rage {unknown}
 o - a potion of cancellation
 q - a potion of ambrosia {unknown}

Dungeon Overview and Level Annotations

Branches:
Dungeon (8/15)             Temple (0/1) D:4
   Lair: D:8-11

Altars:
Dithmenos
Fedhas
Okawaru
Ru
The Shining One

Shops:
D:4 ?   D:6 ([((

Annotations:
D:2 1 runed translucent door, Crazy Yiuf
D:8 Gastronok


Message History

You shoot an arrow. The arrow hits Gastronok.
Gastronok is heavily wounded.
Gastronok bites you!
You shoot an arrow. The arrow hits Gastronok.
Gastronok is heavily wounded.
Gastronok bites you but does no damage.
You shoot an arrow. The arrow hits Gastronok.
Gastronok is heavily wounded.
You shoot an arrow.
The arrow hits Gastronok but does no damage.
Gastronok is heavily wounded.
Gastronok bites you!!
5877 ||| DRINKING 2 potions of heal wounds.
You feel much better. Gastronok bites you but does no damage.
You shoot an arrow. The arrow hits Gastronok!
Gastronok is heavily wounded.
You shoot an arrow. The arrow hits Gastronok.
Gastronok is heavily wounded.
Gastronok bites you but does no damage.
You shoot an arrow. The arrow hits Gastronok.
Gastronok is heavily wounded.
Gastronok casts a spell at you.
You barely resist. You shoot an arrow. The arrow hits Gastronok!
Gastronok is severely wounded.
You shoot an arrow. The arrow hits Gastronok.
Gastronok is severely wounded.
Gastronok waves his eye-stalks in wide circles.
The air twists around and strikes you!
You shoot an arrow. The arrow hits Gastronok!
Gastronok is severely wounded.
You feel a sudden, passing aversion to salt.
You shoot an arrow. The arrow hits Gastronok.
Gastronok is severely wounded.
You shoot an arrow. The arrow hits Gastronok!
Gastronok is almost dead.
Gastronok bites you!!
Ouch! That really hurt!
You die...

# # $ ..
########.# .. ..
#))...)..##... #.
#.##.###...... ..
#.#.#.........
#.###[##.#.....>..
#..<..##.#.####...
#.######.#.# ..
#.#@# ... #.#w#
##. #.#r# # ####/
#


You could see Gastronok (swift) and a quokka (summoned).

Vanquished Creatures
  Pikel (D:6)
  Sigmund (D:3)
  Edmund (D:5)
  A water moccasin (D:7)
  2 ice beasts
  2 black bears (D:5)
  3 ogres (D:5)
  2 centaurs
  A lemure (D:6)
  2 phantoms (D:6)
  2 kobold brigands
  A bullfrog (D:8)
  4 scorpions
  A wight (D:7)
  2 jellies
  5 orc priests
  A hound (D:4)
  5 iguanas
  2 sleepcaps
  2 orc wizards (D:5)
  3 gnolls (D:5)
  7 adders
  A shadow imp (D:6)
  2 worms
  A dart slug (D:1)
  15 orcs
  8 endoplasms
  2 giant cockroaches (D:1)
  9 goblins
  5 hobgoblins
  15 kobolds
  2 quokkas
  7 ball pythons
  6 bats
  2 frilled lizards
  3 rats
129 creatures vanquished.

Notes
Turn   | Place    | Note
-------+----------+-------------------------------------------
     0 | D:1      | qw the Deep Elf Hunter began the quest for the Orb.
     0 | D:1      | Reached XP level 1. HP: 12/12 MP: 3/3
     0 | D:1      | 0 ||| qw: Version: 0.3-a-9-g12657ce
     0 | D:1      | 0 ||| qw: Game counter: 1869
     0 | D:1      | 0 ||| qw: Always use a shield: true
     0 | D:1      | 0 ||| qw: God list: Okawaru
     0 | D:1      | 0 ||| qw: Allow faded altars: false
     0 | D:1      | 0 ||| qw: Do Orc after D:15 true
     0 | D:1      | 0 ||| qw: Do second Lair branch before Depths: true
     0 | D:1      | 0 ||| qw: Lair rune preference: random
     0 | D:1      | 0 ||| qw: Plans: Normal
     0 | D:1      | 0 ||| PLANNING D:1-11
   407 | D:1      | Reached skill level 6 in Ranged Weapons
   407 | D:1      | Reached XP level 2. HP: 16/16 MP: 4/4
   818 | D:1      | 818 ||| UPGRADING to +0 ring mail.
   828 | D:1      | 828 ||| DROPPING +0 leather armour.
   829 | D:1      | 829 ||| READING scroll labelled SACOPU QUNAMI.
   830 | D:1      | 830 ||| READING 3 scrolls labelled KOCEGGOHEBU.
   831 | D:1      | 831 ||| READING scroll labelled TIADUO KEPIZOO.
   831 | D:1      | Identified a scroll of acquirement
   831 | D:1      | 831 ||| ACQUIRING amulet of Doidd {Acrobat rN+ Str+3 Int+3
                  | Dex-2}
   831 | D:1      | Acquired the amulet of Doidd {Acrobat rN+ Str+3 Int+3
                  | Dex-2}
   833 | D:1      | 833 ||| UPGRADING to amulet of Doidd {Acrobat rN+ Str+3
                  | Int+3 Dex-2}.
   838 | D:1      | 838 ||| READING scroll labelled GUAHIOW KOCOITS.
   839 | D:1      | 839 ||| READING scroll labelled XUNKELUISAJ.
   840 | D:1      | 840 ||| READING scroll labelled FIGROR KYALU.
   841 | D:1      | 841 ||| DRINKING 2 sedimented emerald potions.
   842 | D:1      | 842 ||| READING 2 scrolls of identify.
   842 | D:1      | 842 ||| IDENTIFYING emerald potion
   843 | D:1      | 843 ||| DROPPING scroll of butterflies.
   963 | D:2      | HP: 4/16 [frozen (5)]
   965 | D:2      | Reached XP level 3. HP: 6/20 MP: 5/5
   969 | D:2      | HP: 2/20 [adder (2)]
  1077 | D:2      | Reached skill level 7 in Ranged Weapons
  1260 | D:2      | Reached XP level 4. HP: 24/25 MP: 6/6
  1311 | D:2      | 1311 ||| READING scroll of enchant weapon.
  1311 | D:2      | 1311 ||| ENCHANTING +1 shortbow.
  1455 | D:2      | Found a runed translucent door.
  1456 | D:2      | Noticed Crazy Yiuf
  1459 | D:2      | 1459 ||| UPGRADING to +1 robe of resistance.
  1469 | D:2      | 1469 ||| UPGRADING to +0 pair of gloves.
  1474 | D:2      | 1474 ||| UPGRADING to +0 pair of boots.
  1479 | D:2      | 1479 ||| READING scroll labelled KOSEMEBASY.
  1531 | D:3      | Found a shadowy altar of Dithmenos.
  1614 | D:3      | Found a sacrificial altar of Ru.
  1614 | D:3      | Found an iron altar of Okawaru.
  1615 | D:3      | 1615 ||| PLANNING OKAWARU WORSHIP
  1615 | D:3      | Found a glowing golden altar of the Shining One.
  1627 | D:3      | Became a worshipper of Warmaster Okawaru
  1628 | D:3      | 1628 ||| PLANNING D:1-11
  1648 | D:3      | Found a faded altar of an unknown god.
  1784 | D:3      | Noticed Sigmund
  1794 | D:3      | 1794 ||| DROPPING ring of magical power.
  1794 | D:3      | HP: 2/25 [Sigmund/+0 scythe (8)]
  1796 | D:3      | Killed Sigmund
  1797 | D:3      | Reached skill level 9 in Ranged Weapons
  1797 | D:3      | Reached XP level 5. HP: 3/29 MP: 7/7
  2144 | D:3      | 2144 ||| READING scroll labelled JUESTAMIFF.
  2178 | D:4      | 2178 ||| PLANNING SEWER
  2178 | D:4      | Found Gyozeam's Magic Scroll Shop.
  2189 | D:4      | 2189 ||| BUYING scroll of identify (22 gold).
  2189 | D:4      | Bought a scroll of identify for 22 gold pieces
  2189 | D:4      | 2189 ||| BUYING scroll of identify (22 gold).
  2189 | D:4      | Bought a scroll of identify for 22 gold pieces
  2189 | D:4      | 2189 ||| BUYING scroll of identify (22 gold).
  2189 | D:4      | Bought a scroll of identify for 22 gold pieces
  2205 | D:4      | You fall into a shaft and drop 2 floors!
  2207 | D:6      | 2207 ||| DROPPING ring of wizardry.
  2208 | D:6      | 2208 ||| READING 4 scrolls of identify.
  2208 | D:6      | 2208 ||| IDENTIFYING fuming dark potion
  2209 | D:6      | 2209 ||| READING 3 scrolls of identify.
  2209 | D:6      | 2209 ||| IDENTIFYING blue potion
  2210 | D:6      | 2210 ||| DROPPING potion of invisibility.
  2218 | D:5      | Entered Level 5 of the Dungeon
  2228 | D:5      | Reached skill level 3 in Dodging
  2228 | D:5      | Reached XP level 6. HP: 34/34 MP: 8/8
  2255 | D:5      | Reached * piety under Okawaru
  2256 | D:5      | Reached skill level 10 in Ranged Weapons
  2305 | D:5      | Noticed an ice beast
  2315 | D:5      | 2315 ||| INVOKING Heroism.
  2320 | D:5      | HP: 3/35 [ice beast (6)]
  2321 | D:5      | 2321 ||| DRINKING potion of heal wounds.
  2327 | D:5      | Killed an ice beast
  2328 | D:5      | Reached XP level 7. HP: 17/40 MP: 7/9
  2421 | D:5      | 2421 ||| READING 2 scrolls of identify.
  2421 | D:5      | 2421 ||| IDENTIFYING bubbling clear potion
  2446 | D:4      | 2446 ||| INVOKING Heroism.
  2447 | D:4      | 2447 ||| INVOKING Heroism.
  2617 | D:4      | Found a staircase to the Ecumenical Temple.
  2692 | D:4      | Reached skill level 1 in Invocations
  2858 | D:4      | 2858 ||| RIP SEWER
  2886 | D:4      | 2886 ||| PLANNING D:1-11
  2910 | D:4      | 2910 ||| DROPPING amulet of guardian spirit.
  3350 | D:5      | 3350 ||| INVOKING Heroism.
  3377 | D:5      | 3377 ||| INVOKING Heroism.
  3382 | D:5      | Reached skill level 3 in Invocations
  3430 | D:5      | 3430 ||| INVOKING Heroism.
  3440 | D:5      | Reached skill level 11 in Ranged Weapons
  3474 | D:5      | Noticed Edmund
  3475 | D:5      | 3475 ||| INVOKING Heroism.
  3486 | D:5      | Killed Edmund
  3487 | D:5      | Reached XP level 8. HP: 36/44 MP: 8/13
  3573 | D:5      | 3573 ||| INVOKING Heroism.
  3579 | D:5      | 3579 ||| FLEEEEING.
  3580 | D:5      | 3580 ||| FLEEEEING.
  3582 | D:5      | 3582 ||| FLEEEEING.
  3584 | D:5      | 3584 ||| FLEEEEING.
  3590 | D:5      | Reached skill level 12 in Ranged Weapons
  3791 | D:5      | 3791 ||| INVOKING Heroism.
  3796 | D:5      | Reached skill level 3 in Fighting
  3908 | D:5      | 3908 ||| INVOKING Heroism.
  4062 | D:5      | 4062 ||| DROPPING +0 ring mail.
  4063 | D:5      | 4063 ||| UPGRADING to +2 scale mail of fire resistance.
  4073 | D:5      | 4073 ||| DROPPING +1 robe of resistance.
  4074 | D:5      | 4074 ||| DROPPING amulet of magic regeneration.
  4075 | D:5      | 4075 ||| UPGRADING to ring of positive energy.
  4076 | D:5      | 4076 ||| READING 2 scrolls of identify.
  4076 | D:5      | 4076 ||| IDENTIFYING glowing silvery potion
  4098 | D:6      | 4098 ||| INVOKING Heroism.
  4134 | D:6      | Reached skill level 1 in Armour
  4152 | D:6      | Noticed Pikel
  4153 | D:6      | 4153 ||| INVOKING Heroism.
  4163 | D:6      | HP: 9/46 [Pikel/+2 whip of flaming (5)]
  4164 | D:6      | 4164 ||| READING scroll of teleportation.
  4165 | D:6      | 4165 ||| DRINKING potion of heal wounds.
  4198 | D:6      | 4198 ||| FLEEEEING.
  4201 | D:6      | 4201 ||| INVOKING Heroism.
  4214 | D:6      | Killed Pikel
  4215 | D:6      | Reached skill level 13 in Ranged Weapons
  4215 | D:6      | Reached XP level 9. HP: 29/50 MP: 12/14
  4215 | D:6      | 4215 ||| INVOKING Heroism.
  4437 | D:6      | Found Pabaddiu's Antique Weapon Shop.
  4448 | D:6      | Found Qexzetz's Antique Weapon Shop.
  4465 | D:6      | 4465 ||| BUYING ancient sling (156 gold).
  4465 | D:6      | Bought an ancient sling for 156 gold pieces
  4465 | D:6      | Identified the +7 sling of Unreason {antimagic, rElec} (You
                  | bought it in a shop on level 6 of the Dungeon)
  4465 | D:6      | 4465 ||| SHOPLISTING glowing shortbow (144 gold, have 56).
  4507 | D:6      | Found Laliulue's Armour Boutique.
  4508 | D:6      | Found Oxzemeheph's Antique Weapon Emporium.
  4769 | D:6      | 4769 ||| READING 2 scrolls labelled RELIORROLUO.
  4770 | D:6      | 4770 ||| READING scroll labelled ACYRO PANI.
  4771 | D:6      | 4771 ||| READING 2 scrolls of identify.
  4771 | D:6      | 4771 ||| IDENTIFYING lumpy inky potion
  4772 | D:6      | 4772 ||| DROPPING potion of lignification.
  4773 | D:6      | 4773 ||| DROPPING scroll of vulnerability.
  4775 | D:6      | 4775 ||| Stepping ~*~*~tactically~*~*~ (cloud).
  4931 | D:7      | 4931 ||| INVOKING Heroism.
  4932 | D:7      | 4932 ||| Stepping ~*~*~tactically~*~*~ (outnumbered).
  4952 | D:7      | 4952 ||| INVOKING Heroism.
  5094 | D:7      | Reached skill level 14 in Ranged Weapons
  5169 | D:7      | 5169 ||| INVOKING Heroism.
  5298 | D:7      | 5298 ||| INVOKING Heroism.
  5477 | D:7      | 5477 ||| INVOKING Heroism.
  5675 | D:7      | Found a blossoming altar of Fedhas.
  5800 | D:7      | 5800 ||| UPGRADING to +0 cloak.
  5833 | D:8      | 5833 ||| Stepping ~*~*~tactically~*~*~ (outnumbered).
  5836 | D:8      | 5836 ||| Stepping ~*~*~tactically~*~*~ (outnumbered).
  5860 | D:8      | Noticed Gastronok
  5861 | D:8      | 5861 ||| INVOKING Heroism.
  5876 | D:8      | HP: 4/52 [Gastronok (21)]
  5877 | D:8      | 5877 ||| DRINKING 2 potions of heal wounds.
  5885 | D:8      | Mangled by Gastronok

Levels and vault maps discovered:
D:1:      dpeg_arrival_fog, layout_loops_corners, nicolae_figureground_sparkle
D:2:      layout_rooms, uniq_crazy_yiuf_cottage
D:3:      layout_loops_ring, overflow_temple_1_default,
          grunt_temple_overflow_open, shapermc_ecumenical_altar_mp_ritualfount,
          serial_glass, glass_columns_a, glass_columns_b, uniq_sigmund
D:4:      layout_loops_ring, minmay_temple_entry_enclosed_plants,
          cheibrodos_sewer_entry_bend, serial_shops, shop
D:5:      layout_loops_ring, minivault_1, kennysheep_generic_room_4, uniq_edmund
D:6:      layout_cave_pools, serial_column_ruins, column_ruins_open_large,
          column_ruins_open_small, column_ruins_open_tiny,
          column_ruins_columns_dead_end, column_ruins_open_tiny_water,
          serial_shops, shop, nicolae_shop_pleasant_corner_grove,
          nicolae_shop_peninsula, shop, minmay_misc_feat_pillars, uniq_pikel
D:7:      layout_cave_pools, fedhas_altar_fruit_tree, minmay_between
D:8:      layout_loops_ring, led_sif_pool, uniq_gastronok

Skill      XL: |  1  2  3  4  5  6  7  8  9 |
---------------+----------------------------+-----
Ranged Weapons | 6 7 9 10 11 13 14 | 14.0
Dodging        | 3 4 5 |  5.3
Fighting       | 2 3 4 |  4.2
Invocations    | 4 |  4.1
Armour         | 1 2 |  2.9
Stealth        | |  1.2

Action                     |  1- 3 |  4- 6 |  7- 9 || total
---------------------------+-------+-------+-------++-------
   Fire: Shortbow          |    95 |    88 |   356 ||   539
 Invoke: Heroism           |       |     1 |    18 ||    19
    Use: Scroll            |     7 |     5 |     6 ||    18
         Potion            |     1 |     1 |     2 ||     4
 Armour: Ring mail         |    16 |     1 |       ||    17
         Robe              |       |     2 |     3 ||     5
         Scale mail        |       |       |    56 ||    56
  Dodge: Dodged            |    27 |    15 |    94 ||   136

Table legend:
 A = Non-vault XP
 B = Vault XP
 C = Vault XP percentage of total XP
 D = Non-vault monster count
 E = Vault monster count
 F = Vault count percentage of total count
                 A         B        C        D         E       F
            +---------+---------+-------+---------+---------+-------
      Total |    2807 |    1305 |  31.7 |     119 |       9 |   7.0
            +---------+---------+-------+---------+---------+-------
        D:1 |      20 |       0 |   0.0 |      11 |       0 |   0.0
        D:2 |      89 |       0 |   0.0 |      21 |       0 |   0.0
        D:3 |      21 |     226 |  91.5 |      12 |       1 |   7.7
        D:4 |     158 |       5 |   3.1 |      17 |       1 |   5.6
        D:5 |    1497 |     161 |   9.7 |      32 |       2 |   5.9
        D:6 |     351 |     617 |  63.7 |       9 |       1 |  10.0
        D:7 |     483 |     296 |  38.0 |      12 |       4 |  25.0
        D:8 |     188 |       0 |   0.0 |       5 |       0 |   0.0
            +---------+---------+-------+---------+---------+-------
